 Dungeon Crawl Stone Soup version 0.27-a0-906-g0a00ce863d (webtiles) character file.

Game seed: 4639128099753081272

44 Lenkkari the Charlatan (level 3, -8/28 HPs)
             Began as a Draconian Artificer on Apr 7, 2021.
             Killed by nerve-wracking pain
             ... invoked by an orc priest
              (14 damage)
             ... on level 3 of the Dungeon.
             The game lasted 00:11:47 (3045 turns).

Lenkkari the Charlatan (Draconian Artificer)        Turns: 3045, Time: 00:11:47

Health: -8/28      AC:  6    Str: 15    XL:     3   Next: 39%
Magic:  3/3        EV: 12    Int: 11    God:
Gold:   61         SH:  0    Dex: 11    Spells: 2/2 levels left

rFire    . . .     SeeInvis .   k - +0 short sword
rCold    . . .     Faith    .   (no shield)
rNeg     . . .     Spirit   .   (armour unavailable)
rPois    .         Reflect  .   (helmet restricted)
rElec    .         Harm     .   (no cloak)
rCorr    .         Rampage  .   (no gloves)
Will     .....                  m - +0 pair of boots
Stlth    +.........             (no amulet)
HPRegen  0.09/turn              (no ring)
MPRegen  0.08/turn              (no ring)

@: no status effects
A: AC +5, unfitting armour, cold-blooded
a: no special abilities


You were on level 3 of the Dungeon.
You visited 1 branch of the dungeon, and saw 3 of its levels.

You collected 61 gold pieces.

Inventory:

Hand Weapons
 a - a +0 club
 k - a +0 short sword (weapon)
Armour
 m - a +0 pair of boots (worn)
Wands
 b - a wand of flame (11) (quivered)
 c - a wand of charming (15)
 d - a wand of random effects (15)
 l - a wand of polymorph (7)
Scrolls
 e - a scroll of amnesia {unknown}
 g - 3 scrolls of teleportation {unknown}
 j - 2 scrolls of noise {unknown}
Potions
 f - 3 potions of invisibility {unknown}
 h - a potion of flight {unknown}
 i - a potion of degeneration {unknown}


   Skills:
 + Level 1.5 Fighting
 * Level 1.0 Short Blades
 - Level 0.6 Maces & Flails
 - Level 2.1 Dodging
 - Level 0.8 Stealth
 + Level 3.9 Evocations


You had 2 spell levels left.
You didn't know any spells.
Your spell library was empty.

Dungeon Overview and Level Annotations

Branches:
Dungeon (3/15)

Altars:


Innate Abilities, Weirdness & Mutations

Your plain brown scales are hard. (AC +5)
You cannot fit into any form of body armour.
You are cold-blooded and may be slowed by cold attacks.


Message History

The orc's wounds heal themselves!
You hit the orc but do no damage. You closely miss the orc priest.
The orc hits you but does no damage. The orc priest closely misses you.
You closely miss the orc priest. The orc closely misses you.
The orc priest hits you but does no damage.
You barely miss the orc priest. The orc hits you with a +0 hand axe.
The orc priest hits you with a +0 short sword.
You hit the orc priest.
The orc priest is lightly wounded.
The orc hits you but does no damage. The orc priest completely misses you.
You hit the orc priest.
The orc priest is moderately wounded.
The orc barely misses you. The orc priest completely misses you.
You closely miss the orc priest.
Your tail-slap misses the orc priest.
The orc priest is moderately wounded.
The orc hits you with a +0 hand axe.
The orc priest looks braver for a moment.
You hit the orc priest but do no damage.
The orc priest is moderately wounded.
The orc hits you but does no damage.
The orc priest hits you but does no damage.
You hit the orc priest.
Your tail-slap misses the orc priest.
The orc priest is heavily wounded.
The orc misses you.
The orc priest hits you with a +0 short sword.
You hit the orc priest but do no damage.
The orc priest is heavily wounded.
The orc hits you with a +0 hand axe!
The orc priest hits you with a +0 short sword.
* * * LOW HITPOINT WARNING * * *
You are too injured to fight recklessly!
You are too injured to fight recklessly!
You are too injured to fight recklessly!
You are too injured to fight recklessly!
The orc misses you.
The orc priest mumbles some strange prayers to Beogh against you.
Pain shoots through your body!
Ouch! That really hurt!
You die...

###### #o..o#
#..o..##o#
#.....#..#
..{.o..#o##
..#'####.### .
#.#...o@.# .
#.##.#.#### #
# ...#.#..#
#####.#..#
#.#..#
#.#..#########
#.#.........<#
#.##.#########
#....#


You could see an orc priest and an orc.

Vanquished Creatures
  An adder (D:3)
  A worm (D:2)
  A dart slug (D:2)
  4 ball pythons
  3 endoplasms
  A giant cockroach (D:1)
  A hobgoblin (D:2)
  2 quokkas
  3 bats
  2 frilled lizards (D:1)
  3 goblins
  5 kobolds (D:2)
  2 rats (D:2)
29 creatures vanquished.

Notes
Turn   | Place    | Note
-------+----------+-------------------------------------------
     0 | D:1      | Lenkkari the Draconian Artificer began the quest for the
                  | Orb.
     0 | D:1      | Reached XP level 1. HP: 16/16 MP: 1/1
   804 | D:1      | Reached XP level 2. HP: 22/23 MP: 2/2
   888 | D:1      | Found a faded altar of an unknown god.
  2364 | D:2      | Reached XP level 3. HP: 24/28 MP: 3/3
  2888 | D:3      | Reached skill level 1 in Short Blades
  3045 | D:3      | Killed from afar by an orc priest

Illustrated notes

Levels and vault maps discovered:
D:1:      minmay_arrival_arboretum_large, layout_basic,
          shapermc_ecumenical_altar_notcrosses
D:2:      layout_basic
D:3:      layout_basic

Skill      XL: |  1  2  3 |
---------------+----------+-----
Short Blades   | 1 |  1.0
Fighting       | |  1.5
Maces & Flails | |  0.6
Dodging        | |  2.1
Stealth        | |  0.8
Evocations     | |  3.9

Action                   || total
-------------------------++-------
Melee: Club              ||    64
       Tailslap          ||    11
       Short sword       ||    78
Evoke: Wand              ||     4
Armor: Skin              ||    68
Dodge: Dodged            ||   135

Table legend: (Time is in decaauts)
 A = Elapsed time spent in this place.
 B = Non-inter-level travel time spent in this place.
 C = Inter-level travel time spent in this place.
 D = Time resting spent in this place.
 E = Time spent auto-exploring this place.
 F = Levels seen in this place.
 G = Mean time per level.
                   A        B        C        D        E       F      G
               +--------+--------+--------+--------+--------+-----+--------+
         Total |   3067 |   3033 |     34 |   1366 |    799 |   3 | 1022.3 |
       Dungeon |   3067 |   3033 |     34 |   1366 |    799 |   3 | 1022.3 |
               +--------+--------+--------+--------+--------+-----+--------+

Top non-repeatable levels by time:
     D:2: 1889 daAuts
     D:1: 1003 daAuts
     D:3: 174 daAuts
